 Dungeon Crawl Stone Soup version 0.28.0-53-g5a82cb258f (webtiles) character file.

Game seed: 13111872824090378937

326 styxcanada the Sneak (level 6, -2/31 HPs)
             Began as a Spriggan Brigand on June 27, 2022.
             Shot with an arrow by a centaur (5 damage)
             ... on level 5 of the Dungeon.
             The game lasted 00:11:31 (4115 turns).

styxcanada the Sneak (Spriggan Brigand)             Turns: 4115, Time: 00:11:31

Health: -2/31      AC:  3    Str:  7    XL:     6   Next: 24%
Magic:  9/9        EV: 18    Int: 13    God:
Gold:   205        SH:  0    Dex: 18    Spells: 6/8 levels left

rFire   . . .      SeeInvis +   m - +2 short sword (holy)
rCold   . . .      Faith    .   (no shield)
rNeg    . . .      Spirit   .   b - +0 robe
rPois   .          Reflect  .   (helmet restricted)
rElec   .          Harm     .   c - +0 cloak
rCorr   .          Rampage  .   (gloves unavailable)
Will    +....                   (boots unavailable)
Stlth   ++++......              (no amulet)
HPRegen 0.10/turn               j - ring of flight
MPRegen 0.11/turn               (no ring)

@: flying, very quick
A: very small, no large weapons, unfitting armour, see invisible, speed 3
a: no special abilities


You were on level 5 of the Dungeon.
You visited 1 branch of the dungeon, and saw 5 of its levels.

You collected 205 gold pieces.

Inventory:

Hand Weapons
 a - a +2 dagger
 g - a +0 hunting sling
 m - a +2 short sword of holy wrath (weapon)
Missiles
 d - 17 poisoned darts (quivered)
 e - 2 curare-tipped darts
 h - 58 stones
 l - 23 sling bullets
Armour
 b - a +0 robe (worn)
 c - a +0 cloak (worn)
Jewellery
 j - a ring of flight (left hand)
Potions
 f - a potion of resistance
 i - 4 potions of curing {unknown}
 k - a potion of flight {unknown}
 o - a potion of heal wounds {unknown}


   Skills:
 * Level 2.3 Fighting
 + Level 3.5 Short Blades
 + Level 0.8(2.0) Slings
 + Level 2.4(2.5) Throwing
 * Level 3.3 Dodging
 * Level 7.7 Stealth
 * Level 1.9 Spellcasting
 * Level 1.6 Hexes
 * Level 1.0 Ice Magic


You had 6 spell levels left.
You knew the following spells:

 Your Spells              Type           Power      Damage    Failure   Level
a - Ensorcelled Hibernat  Hex/Ice        8%         N/A       22%         2

Your spell library contained the following spells:

 Spells                   Type           Power      Damage    Failure   Level
 Passwall                 Tmut/Erth      0%         N/A       36%         2
 Swiftness                Air            1%         N/A       61%         3


Dungeon Overview and Level Annotations

Branches:
Dungeon (5/15)             Temple (0/1) D:5

Altars:
Trog


Innate Abilities, Weirdness & Mutations

You are very small and have problems with some larger weapons.
You are too small for most types of armour.
You have supernaturally acute eyesight. (SInv)
You cover ground extremely quickly. (Speed+++)


Message History

You completely miss the centaur.
The centaur is lightly wounded.
The centaur hits you. The centaur kicks you. The bullfrog misses you.
You hit the centaur.
The centaur is moderately wounded.
The centaur barely misses you. x2; The bullfrog misses you.
You hit the centaur.
The centaur is heavily wounded.
The centaur closely misses you. The centaur completely misses you.
The bullfrog closely misses you. The centaur hits you.
The centaur barely misses you. The bullfrog barely misses you.
You hit the centaur but do no damage.
The centaur is heavily wounded.
The centaur completely misses you.
The centaur kicks you but does no damage.
The bullfrog barely misses you.
You completely miss the centaur.
The centaur is heavily wounded.
The centaur misses you. The centaur kicks you. The bullfrog hits you.
You hit the centaur.
The centaur is severely wounded.
The centaur misses you. x2; The bullfrog completely misses you.
The centaur misses you. x2
The bullfrog hits you but does no damage.
You hit the centaur but do no damage.
The centaur is severely wounded.
The centaur hits you.
* * * LOW HITPOINT WARNING * * *
The centaur kicks you but does no damage.
The bullfrog closely misses you.
You barely miss the centaur.
The centaur is severely wounded.
The centaur hits you.
* * * LOW HITPOINT WARNING * * *
The centaur kicks you but does no damage.
The bullfrog misses you. The centaur misses you.
The centaur closely misses you. The bullfrog closely misses you.
The centaur wields a +0 shortbow.
The centaur shoots an arrow.
The arrow hits you.
You die...

#....#≈,,,≈*,.#,,,,,,,,,≈≈≈,≈
#....#≈,,,≈*,.#,,,,,,,≈≈≈≈≈≈≈
#....#*,,,**..#,,,,,.,≈***≈≈≈
#....###+###..#,,,,..≈≈* *≈≈≈
#......#......#,,,...≈≈***≈≈≈
#......#......#,,....≈≈≈≈≈≈≈≈
#......'......#,.....≈≈,,≈≈≈≈
*#########'#####......,≈≈≈≈≈,≈
*,,..........@.c......≈≈***≈,≈
*,,...........F.......≈≈* *≈≈≈
*,,...................≈≈***≈,≈
*,,...................≈≈≈≈≈≈,≈
*,,...............:.$.≈,≈≈≈,,≈
***#+###...........>..≈≈≈≈≈≈,≈
*,,,,,#..........).$.,≈***≈,≈
*,,,,,#..............,≈* *≈,≈
*,,,,,#########....,,,≈***≈,≈


You could see a bullfrog and a centaur.

Vanquished Creatures
  2 ogres (D:4)
  A jelly (D:4)
  An orc wizard (D:4)
  A hound skeleton (D:4)
  2 adders (D:2)
  An adder skeleton (D:4)
  2 worms
  A dart slug (D:4)
  2 orcs (D:4)
  3 bats
  5 endoplasms
  2 giant cockroaches (D:4)
  10 goblins
  6 hobgoblins
  2 quokkas
  8 ball pythons
  4 frilled lizards
  7 kobolds
  4 rats (D:1)
64 creatures vanquished.

Notes
Turn   | Place    | Note
-------+----------+-------------------------------------------
     0 | D:1      | styxcanada the Spriggan Brigand began the quest for the
                  | Orb.
     0 | D:1      | Reached XP level 1. HP: 10/10 MP: 2/2
    25 | D:1      | Reached skill level 6 in Stealth
   159 | D:1      | Reached XP level 2. HP: 13/15 MP: 3/3
   964 | D:2      | Reached XP level 3. HP: 18/18 MP: 4/4
   982 | D:2      | Learned a level 2 spell: Ensorcelled Hibernation
  1282 | D:2      | Found a faded altar of an unknown god.
  1519 | D:2      | Reached skill level 7 in Stealth
  2955 | D:4      | Reached XP level 4. HP: 21/23 MP: 5/5
  3325 | D:4      | Found a bloodstained altar of Trog.
  3348 | D:4      | Reached skill level 1 in Spellcasting
  3420 | D:4      | Noticed an ogre
  3435 | D:4      | Killed an ogre
  3436 | D:4      | Reached skill level 1 in Hexes
  3436 | D:4      | Reached XP level 5. HP: 26/26 MP: 6/8
  3633 | D:4      | Noticed an ogre
  3675 | D:4      | Killed an ogre
  3676 | D:4      | Reached skill level 1 in Ice Magic
  3676 | D:4      | Reached XP level 6. HP: 17/30 MP: 9/9
  4074 | D:5      | Entered Level 5 of the Dungeon
  4101 | D:5      | Found a staircase to the Ecumenical Temple.
  4115 | D:5      | Shot with an arrow by a centaur

Illustrated notes

Levels and vault maps discovered:
D:1:      roderic_dead_forest, layout_basic, bh_walls_and_bars
D:2:      layout_loops_ring, shapermc_ecumenical_altar_ellora,
          kennysheep_big_empty_room, minmay_misc_feat_nine_boxes
D:3:      layout_loops_cross, dk_noncrumbling_3
D:4:      layout_basic, general_overflow_altar
D:5:      layout_gridville, nicolae_hepliaklqana_monster_ancestors,
          minmay_temple_entry_offerings, kennysheep_boxes

Skill      XL: |  1  2  3  4  5 |
---------------+----------------+-----
Stealth        | 6 7 |  7.7
Dodging        | 2 3 |  3.3
Fighting       | 2 |  2.3
Spellcasting   | 1 |  1.9
Short Blades   | 3 |  3.5
Hexes          | 1 |  1.6
Ice Magic      | 1 |  1.0
Slings         | |  0.8
Throwing       | |  2.4

Action                   |  1- 3 |  4- 6 || total
-------------------------+-------+-------++-------
Melee: Dagger            |   115 |       ||   115
       Short sword       |    13 |    51 ||    64
       Punch             |       |     1 ||     1
 Fire: Hunting sling     |     5 |     6 ||    11
Throw: Dart              |    22 |    16 ||    38
  Use: Scroll            |     4 |     2 ||     6
 Stab: Sleeping          |    14 |     3 ||    17
Armor: Robe              |     8 |     8 ||    16
Dodge: Dodged            |    60 |    55 ||   115
